 Dungeon Crawl Stone Soup version 0.29.1-12-g30fa7ad0bf (webtiles) character file.

Game seed: 6163396038024261000

47728 112233 the Thaumaturge (level 14, -1/124 (126) HPs)
             Began as a Pale Draconian Conjurer on Dec 26, 2022.
             Was an Elder of Vehumet.
             Slain by an ogre
             ... wielding a +0 giant club
              (9 damage)
             ... while paralysed by an orc sorcerer
             ... on level 2 of the Orcish Mines.
             The game lasted 00:34:47 (31620 turns).

112233 the Thaumaturge (Pale Draconian Conjurer)   Turns: 31620, Time: 00:34:48

HP:   -1/124 (126)  AC:  8    Str: 11    XL:     14   Next: 9%
MP:   32/32         EV:  2    Int: 28    God:    Vehumet [****..]
Gold: 1156          SH:  0    Dex: 16    Spells: 16/42 levels left

rFire   . . .      SeeInvis .   G - +7 staff of the Meek {protect, meekguard}
rCold   . . .      Faith    .   (shield currently unavailable)
rNeg    . . .      Spirit   .   (body armour unavailable)
rPois   .          Reflect  .   (helmet restricted)
rElec   .          Harm     .   L - scarf {shadows}
rCorr   .          Rampage  .   (no gloves)
Will    +....                   (no boots)
Stlth   ++........              H - amulet of magic regeneration
HPRegen 0.30/turn               p - +6 ring of intelligence
MPRegen 0.63/turn               e - +6 ring of dexterity

@: paralysed, lightly drained
A: breathe steam, AC +8, unfitting armour, cold-blooded, steam resistance
a: Breathe Steam, Renounce Religion


You were on level 2 of the Orcish Mines.
You worshipped Vehumet.
Vehumet was greatly pleased with you.
You visited 4 branches of the dungeon, and saw 20 of its levels.

You collected 1438 gold pieces.
You spent 282 gold pieces at shops.

Inventory:

Hand Weapons
 G - the +7 staff of the Meek (weapon) {protect, meekguard}
   (You found it on level 2 of the Lair of Beasts)

   It grants its wielder temporary protection when it strikes (+7 to AC).
   It provides extra protection to wielders with little health.
Armour
 u - an orb of energy
 L - a scarf of shadows (worn)
 N - a +2 cloak
 Q - a +0 buckler
Magical Staves
 U - a staff of air
Jewellery
 e - a +6 ring of dexterity (right hand)
 p - a +6 ring of intelligence (left hand)
 t - an amulet of guardian spirit
 v - the ring "Jawyuptukhlen" {Wiz rN+}
   (You found it on level 1 of the Lair of Beasts)

   [ring of wizardry]

   It improves your spell success rate.
   rN:        It protects you from negative energy.
 A - the ring of Uleqexer {Will+ Dex+4}
   (You found it on level 5 of the Dungeon)

   [ring of willpower]

   Dex:       It affects your dexterity (+4).
   Will:      It increases your willpower.
 H - an amulet of magic regeneration (around neck)
 T - a ring of see invisible
 V - a ring of protection from fire
 Y - a +4 ring of protection
Wands
 E - a wand of roots (3)
 I - a wand of polymorph (4)
 R - a wand of acid (3)
 S - a wand of paralysis (4)
 W - a wand of digging (5)
 X - a wand of flame (6)
Scrolls
 c - 5 scrolls of teleportation
 d - 3 scrolls of enchant armour
 f - 2 scrolls of brand weapon
 h - a scroll of fear
 i - 7 scrolls of immolation
 j - 2 scrolls of identify
 m - 3 scrolls of magic mapping
 q - 2 scrolls of poison
 y - 3 scrolls of butterflies
 z - 2 scrolls of vulnerability
 B - a scroll of blinking
 C - a scroll of silence
 F - 3 scrolls of enchant weapon
 O - 2 scrolls of torment
 P - a scroll of summoning
 Z - a scroll of acquirement {unknown}
Potions
 a - 2 potions of magic
 b - 9 potions of curing
 g - 5 potions of ambrosia
 k - 2 potions of cancellation
 l - 4 potions of flight
 o - 7 potions of mutation
 r - 4 potions of invisibility
 s - a potion of haste
 w - 5 potions of lignification
 x - 4 potions of resistance
 D - 3 potions of brilliance
 J - 3 potions of attraction
 K - 2 potions of berserk rage
 M - 4 potions of degeneration {unknown}


   Skills:
 + Level 12.2 Fighting
 + Level 9.5 Dodging
 - Level 1.8 Stealth
 - Level 5.0 Shields
 * Level 14.6 Spellcasting
 + Level 11.9 Conjurations
 - Level 0.4 Air Magic


You had 16 spell levels left.
You knew the following spells:

 Your Spells              Type           Power      Damage    Failure   Level
a - Magic Dart            Conj           100%       1d8       0%          1
b - Searing Ray           Conj           100%       2d8       1%          2
c - Iskenderun's Mystic   Conj/Tloc      52%        2d11      1%          4
d - Fulminant Prism       Conj/Hex       26%        3d14      1%          4
e - Blink                 Tloc           40%        N/A       3%          2
f - Apportation           Tloc           40%        N/A       2%          1
g - Storm Form            Tmut/Air       10%        N/A       100%        7
h - Iskenderun's Battles  Conj           72%        2d12      1%          5

Your spell library contained the following spells:

 Spells                   Type           Power      Damage    Failure   Level
 Orb of Destruction       Conj           36%        9d11      4%          7
 Dazzling Flash           Conj/Hex       100%       N/A       1%          3
 Stone Arrow              Conj/Erth      100%       3d13      1%          3
 Necrotise                Necr           80%        1d8       2%          1
 Summon Small Mammal      Summ           80%        N/A       2%          1
 Portal Projectile        Hex/Tloc       40%        N/A       8%          3
 Tukima's Dance           Hex            20%        N/A       8%          3
 Lee's Rapid Deconstruct  Erth           10%        3d9*      17%         5
 Anguish                  Hex/Necr       10%        N/A       26%         4
 Passage of Golubria      Tloc           20%        N/A       26%         4
 Silence                  Hex/Air        10%        N/A       54%         5
 Blade Hands              Tmut           10%        N/A       56%         5
 Borgnjor's Vile Clutch   Necr/Erth      10%        N/A       56%         5
 Manifold Assault         Tloc           20%        N/A       56%         5
 Lehudib's Crystal Spear  Conj/Erth      26%        10d7      96%         8
 Simulacrum               Ice/Necr       10%        N/A       98%         6
 Enfeeble                 Hex            10%        N/A       100%        7
 Borgnjor's Revivificati  Necr           10%        N/A       100%        8
 Necromutation            Tmut/Necr      10%        N/A       100%        8
 Death's Door             Necr           10%        N/A       100%        9


Dungeon Overview and Level Annotations

Branches:
Dungeon (12/15)            Temple (1/1) D:7            Lair (5/5) D:8
 Shoals (0/4) Lair:3        Snake (0/4) Lair:2          Orc (2/2) D:12
    Elf (0/3) Orc:2
  Slime: Lair:4-5

Altars:
Ashenzari
Cheibriados
Dithmenos
Elyvilon
Fedhas
Gozag
Hepliaklqana
Kikubaaqudgha
Makhleb
Nemelex Xobeh
Okawaru
Qazlal
Sif Muna
Trog
Vehumet
Wu Jian
Xom
Yredelemnul
Zin
The Shining One

Shops:
D:6 =   D:10 ?

Annotations:
D:7 exclusion: 2 upstairs
Orc:2 Saint Roka


Innate Abilities, Weirdness & Mutations

You can breathe blasts of scalding, opaque steam.
Your pale cyan-grey scales are hard. (AC +8)
You cannot fit into any form of body armour.
You are cold-blooded and may be slowed by cold attacks.
You are immune to the effects of steam.


Message History

You feel your power returning.
Unknown command.
Unknown command.
You start resting.
Magic restored.
You start resting.
Unknown command.
You start resting.
You start resting.
Unknown command.
You start resting.
Unknown command.
Unknown command.
You start resting.
HP restored.
Unknown command.
You climb downwards.
Level annotation: Saint Roka The orc knight roars a battlecry!
The orcs go into a battle-frenzy!
The orc sorcerer points at you and mumbles some strange words.
You suddenly lose the ability to move!
The ogre hits you with a +0 giant club! The orc barely misses you.
The orc warrior hits you with a +0 hand axe!!
The orc knight hits you with a +2 long sword.
An orc warrior comes into view. It is wielding a +0 halberd.
The orc hits you but does no damage. The orc warrior barely misses you.
An orc priest comes into view. It is wielding a +0 falchion.
The orc knight roars a battlecry!
The orc sorcerer goes into a battle-frenzy!
The ogre hits you with a +0 giant club!!
The orc warrior unwields a +0 halberd.
The orc warrior wields a +0 arbalest.
The orc warrior shoots a bolt.
The bolt hits you! The orc completely misses you.
The orc warrior hits you with a +0 hand axe!!
* * * LOW HITPOINT WARNING * * *
The orc knight hits you with a +2 long sword!!
* * * LOW HITPOINT WARNING * * *
The ogre hits you with a +0 giant club!
You die...

##.......#
##.....##
...........#
##......^#..#
#.........#.#
.........##.#
........##..#
.....Ooo.#..#
.....)@o....#
.....)o$#...#
.........o...##
#.....#..))...###
##
##..........o...##+
##.
...................
....
.........o........8
8...
...................
....
........#...##.....
....


You could see an orc knight, an orc sorcerer (strong), 2 orc warriors, an ogre,
2 orc priests and an orc (strong).

Vanquished Creatures
  Azrael (Orc:2)
  Snorg (Lair:3)
  4 hydras
  A boulder beetle (D:12)
  4 two-headed ogres
  Erica (D:11)
  A catoblepas (Lair:3)
  6 death yaks (Lair:4)
  2 orc high priests
  Sonja (Lair:2)
  Nergalle (D:12)
  Pikel (D:8)
  An orc knight (Orc:1)
  3 orc sorcerers (Orc:1)
  2 cyclopes
  8 elephants
  A manticore (D:11)
  Maurice (D:9)
  A merfolk siren (Lair:3)
  4 black mambas
  2 gargoyles
  4 cane toads
  A rime drake (Lair:1)
  Psyche (D:8)
  7 komodo dragons
  8 trolls
  5 hornets (Orc:1)
  9 blink frogs
  Sigmund (D:6)
  3 wraiths
  4 wyverns
  3 fire elementals (Orc:2)
  29 yaks
  Grum (D:9)
  2 steam dragons
  4 vampire mosquitoes (D:11)
  3 nagas (Lair:2)
  3 hell hounds (Orc:2)
  A warg (Orc:2)
  16 water moccasins
  3 acid dragons
  21 orc warriors
  2 floating eyes (Orc:1)
  A black bear (D:6)
  A sky beast (D:8)
  2 ice beasts
  7 centaurs
  11 ogres
  10 wolves
  2 lemures (D:8)
  Blork the orc (D:5)
  5 kobold brigands
  4 gnoll sergeants
  10 bullfrogs
  2 necrophages
  4 scorpions
  13 electric eels
  11 howler monkeys
  2 jellies
  9 hounds
  7 orc priests
  A gnoll bouda (D:9)
  3 iguanas
  3 iron imps (D:4)
  13 orc wizards
  7 adders
  18 gnolls
  2 shadow imps (D:5)
  An ufetubus (D:7)
  A worm (D:3)
  56 orcs
  6 ball pythons
  5 endoplasms
  A giant cockroach (D:2)
  6 hobgoblins
  4 quokkas
  4 bats
  4 frilled lizards
  7 goblins
  9 kobolds
  5 rats
  A butterfly (Lair:4)
  A fulminant prism (D:9)
438 creatures vanquished.

Vanquished Creatures (others)
  74 fulminant prisms
  20 fungi
  57 plants
151 creatures vanquished.

Grand Total: 589 creatures vanquished

Notes
Turn   | Place    | Note
-------+----------+-------------------------------------------
     0 | D:1      | 112233 the Draconian Conjurer began the quest for the Orb.
     0 | D:1      | Reached XP level 1. HP: 14/14 MP: 3/3
   364 | D:2      | Reached XP level 2. HP: 18/22 MP: 3/5
   459 | D:2      | Learned a level 2 spell: Searing Ray
   486 | D:2      | Reached skill level 1 in Fighting
   824 | D:3      | Reached XP level 3. HP: 28/28 MP: 0/7
   993 | D:3      | Found a faded altar of an unknown god.
  1195 | D:3      | Found a white marble altar of Elyvilon.
  1734 | D:3      | Reached skill level 3 in Spellcasting
  2809 | D:1      | Reached XP level 4. HP: 36/36 MP: 5/8
  3598 | D:4      | Noticed an ogre
  3611 | D:4      | Killed an ogre
  3612 | D:4      | Reached XP level 5. HP: 33/42 MP: 0/10
  3782 | D:5      | Entered Level 5 of the Dungeon
  3831 | D:5      | Reached skill level 4 in Spellcasting
  3949 | D:5      | Noticed Blork the orc
  3956 | D:5      | Killed Blork the orc
  3957 | D:5      | Reached skill level 5 in Conjurations
  3957 | D:5      | Reached XP level 6. HP: 45/50 MP: 1/12
  4423 | D:5      | Learned a level 4 spell: Fulminant Prism
  4811 | D:5      | Reached skill level 5 in Spellcasting
  4901 | D:5      | Your scales start taking on a pale cyan-grey colour.
  4901 | D:5      | Reached XP level 7. HP: 55/58 MP: 7/14
  4901 | D:5      | Gained mutation: You are immune to the effects of steam.
                  | [Pale Draconian growth]
  5152 | D:5      | Identified the ring of Uleqexer {Will+ Dex+4}
  5483 | D:6      | Noticed Sigmund
  6002 | D:4      | Found a hazy altar of Hepliaklqana.
  6237 | D:4      | Found a burning altar of Makhleb.
  6570 | D:6      | Found Inaun's Jewellery Shop.
  6967 | D:6      | Reached skill level 6 in Spellcasting
  7495 | D:6      | Killed Sigmund
  7496 | D:6      | Reached XP level 8. HP: 58/67 MP: 5/17
  7764 | D:6      | Reached skill level 5 in Fighting
  8205 | D:7      | Reached skill level 7 in Spellcasting
  8588 | D:7      | Found a staircase to the Ecumenical Temple.
  8597 | Temple   | Entered the Ecumenical Temple
  8699 | Temple   | Became a worshipper of Vehumet
  9270 | D:6      | Got the Disquisition on Petrous Unholy Rites
  9687 | D:8      | Noticed Pikel
  9690 | D:8      | Reached XP level 9. HP: 68/75 MP: 10/20
  9695 | D:8      | Killed Pikel
  9696 | D:8      | Reached skill level 8 in Spellcasting
  9865 | D:8      | Noticed Psyche
  9875 | D:8      | Killed Psyche
 10189 | D:8      | Noticed a troll
 10211 | D:8      | Killed a troll
 10228 | D:8      | Learned a level 4 spell: Iskenderun's Mystic Blast
 10542 | D:8      | Reached skill level 9 in Spellcasting
 10558 | D:8      | Reached * piety under Vehumet
 10558 | D:8      | Offered knowledge of Sandblast by Vehumet.
 10618 | D:8      | Found a staircase to the Lair.
 10911 | D:8      | Found a glowing golden altar of the Shining One.
 11130 | D:8      | Reached XP level 10. HP: 82/86 MP: 13/23
 11546 | D:9      | Noticed a gargoyle
 11553 | D:9      | Killed a gargoyle
 11577 | D:9      | Reached skill level 5 in Dodging
 11938 | D:9      | Noticed Grum
 11942 | D:9      | Killed Grum
 12190 | D:9      | Noticed Maurice
 12198 | D:9      | Paralysed by something for 5 turns
 12204 | D:9      | Killed Maurice
 12212 | D:10     | Entered Level 10 of the Dungeon
 12230 | D:9      | Reached skill level 10 in Spellcasting
 12915 | D:9      | Noticed a two-headed ogre
 12923 | D:9      | Killed a two-headed ogre
 12923 | D:9      | Offered knowledge of Shock by Vehumet.
 12924 | D:9      | Reached XP level 11. HP: 95/95 MP: 4/25
 12943 | D:9      | Reached ** piety under Vehumet
 14834 | D:10     | Reached skill level 11 in Spellcasting
 15103 | D:10     | Found Gaudi's Magic Scroll Emporium.
 15108 | D:10     | Bought a scroll of blinking for 90 gold pieces
 15108 | D:10     | Bought a scroll of immolation for 48 gold pieces
 15108 | D:10     | Bought a scroll of butterflies for 48 gold pieces
 15108 | D:10     | Bought a scroll of identify for 24 gold pieces
 15108 | D:10     | Bought 2 scrolls of identify for 48 gold pieces
 15108 | D:10     | Bought a scroll of identify for 24 gold pieces
 15638 | D:11     | Noticed Erica
 15649 | D:11     | Killed Erica
 15805 | D:11     | Offered knowledge of Inner Flame by Vehumet.
 16951 | D:11     | You fall into a shaft and drop 1 floor!
 16974 | D:12     | Noticed Nergalle
 17003 | D:12     | Noticed a two-headed ogre
 17010 | D:12     | Killed a two-headed ogre
 17201 | D:12     | Killed Nergalle
 17270 | D:12     | Reached *** piety under Vehumet
 17944 | D:11     | Learned a level 2 spell: Blink
 18084 | D:12     | Reached skill level 10 in Conjurations
 18096 | D:12     | Noticed a two-headed ogre
 18105 | D:12     | Killed a two-headed ogre
 18106 | D:12     | Reached skill level 12 in Spellcasting
 18106 | D:12     | Reached XP level 12. HP: 92/106 MP: 14/28
 18123 | D:12     | Reached skill level 10 in Fighting
 18133 | D:12     | Noticed a boulder beetle
 18441 | D:12     | Found a staircase to the Orcish Mines.
 18531 | Orc:1    | Entered Level 1 of the Orcish Mines
 18538 | Orc:1    | Offered knowledge of Sticky Flame by Vehumet.
 18542 | Orc:1    | Noticed an orc high priest
 18603 | D:12     | Killed an orc high priest
 19256 | Orc:1    | Reached **** piety under Vehumet
 19267 | Orc:1    | Paralysed by a floating eye for 4 turns
 19667 | D:12     | Killed a boulder beetle
 20113 | Lair:1   | Entered Level 1 of the Lair of Beasts
 20321 | D:8      | Learned a level 1 spell: Apportation
 20329 | D:8      | Learned a level 7 spell: Storm Form
 20470 | Lair:1   | Identified the ring "Jawyuptukhlen" {Wiz rN+}
 20505 | Lair:1   | Learned a level 6 spell: Simulacrum
 20640 | Lair:1   | Offered knowledge of Iskenderun's Battlesphere by Vehumet.
 20658 | Lair:1   | Reached skill level 1 in Shields
 21307 | Lair:2   | Noticed Sonja
 21315 | Lair:2   | Killed Sonja
 22009 | Lair:2   | Reached skill level 13 in Spellcasting
 22304 | Lair:2   | Found a staircase to the Snake Pit.
 22364 | Lair:2   | Found the +7 staff of the Meek {protect, meekguard}
 23844 | Lair:3   | Noticed Snorg
 23855 | Lair:3   | Killed Snorg
 23856 | Lair:3   | Reached XP level 13. HP: 116/116 MP: 15/30
 24478 | Lair:3   | Found a staircase to the Shoals.
 27326 | Lair:4   | Reached skill level 14 in Spellcasting
 28233 | Lair:4   | Learned a level 5 spell: Iskenderun's Battlesphere
 28250 | Lair:5   | Entered Level 5 of the Lair of Beasts
 28398 | Lair:1   | Reached skill level 5 in Shields
 29669 | Orc:1    | Paralysed by an orc sorcerer for 4 turns
 29811 | Orc:1    | Reached ***** piety under Vehumet
 29816 | Orc:1    | You fall into a shaft and drop 1 floor!
 29816 | Orc:2    | Entered Level 2 of the Orcish Mines
 29816 | Orc:2    | Found a staircase to the Elven Halls.
 29840 | Orc:1    | Offered knowledge of Orb of Destruction by Vehumet.
 30607 | Orc:2    | Noticed Azrael
 30632 | Orc:2    | Reached XP level 14. HP: 63/126 MP: 32/32
 30632 | Orc:2    | Killed Azrael
 30850 | Orc:2    | Noticed Saint Roka
 31617 | Orc:2    | Paralysed by an orc sorcerer for 5 turns
 31620 | Orc:2    | Slain by an ogre

Illustrated notes

Levels and vault maps discovered:
D:1:      erik_arrival_blinker_ship, layout_basic
D:2:      layout_basic, minmay_tromino_i2
D:3:      layout_basic, nicolae_elyvilon_temple_path,
          shapermc_ecumenical_altar_gd
D:4:      layout_basic, demons_altar, nicolae_hepliaklqana_hippocampus
D:5:      layout_layer_cave, chequers_decorated_corner, uniq_blork_the_orc
D:6:      layout_loops_ring, serial_shops, nicolae_shop_advertising_works
          [nicolae_subvault_shop_adworks], chequers_big_river,
          hangedman_minor_gate_pass, uniq_sigmund
D:7:      layout_basic, minmay_temple_entry_trees, grunt_decor_junction
D:8:      layout_basic, nicolae_tso_swordbearing_angel, erik_lair_island,
          uniq_psyche, uniq_pikel
D:9:      layout_stronghold, nrook_campfire, kennysheep_cross_room,
          uniq_maurice, uniq_grum
D:10:     layout_loops_cross, serial_aquarium, aquarium_bridge_square
          [aquarium_subvault_window, aquarium_subvault_wall,
          aquarium_subvault_bridge, aquarium_subvault_bridge],
          aquarium_window_1, aquarium_window_1, aquarium_window_fake,
          aquarium_window_corridor_3, aquarium_view_2d, aquarium_view_2f,
          aquarium_balcony_1a, serial_shops, shop
D:11:     layout_cave_pods, uniq_erica
D:12:     layout_loops_cross, kennysheep_orc_monster_closet_entryway,
          uniq_nergalle
Temple:   eino_narrow_crystal_temple
Lair:1:   layout_gridlike, serial_bayou_pond_a
Lair:2:   layout_hall_layers, guppyfry_snake_entry_garden, serial_bayou_shore_a,
          uniq_sonja
Lair:3:   layout_gridlike, elwin_shoals_entry_rooms, grunt_megastairs_4,
          uniq_snorg
Lair:4:   layout_cave_pods, beast_lair_carwin_1, infiniplex_staircase_pool_2,
          lemuel_fruit_tree, grunt_megastairs_1, lemuel_fruit_fields
Lair:5:   hangedman_lair_in_review, layout_gridlike, slime_entry_1, basic_altar,
          serial_bayou_pond_c
Orc:1:    hellmonk_paralyzer, layout_diamond_mine
Orc:2:    grunt_orc_community_town_hall, layout_caves,
          grunt_orc_community_big_house_1, grunt_orc_community_big_house_1,
          grunt_orc_community_house_1, grunt_orc_community_house_1,
          grunt_orc_community_house_3, grunt_orc_community_house_1,
          grunt_orc_community_house_2, uniq_azrael, uniq_saint_roka

Skill      XL: |  1  2  3  4  5  6  7  8  9 10 11 12 13 |
---------------+----------------------------------------+-----
Fighting       | 1 2 3 4 5 7 8 9 11 12 | 12.2
Spellcasting   | 3 4 5 6 7 9 10 12 13 14 | 14.6
Conjurations   | 5 6 8 9 10 11 | 11.9
Dodging        | 3 4 6 7 8 9 |  9.5
Shields        | 3 5 |  5.0
Stealth        | |  1.8
Air Magic      | |  0.4

Action                   |  1- 3 |  4- 6 |  7- 9 | 10-12 | 13-15 || total
-------------------------+-------+-------+-------+-------+-------++-------
Melee: Unarmed           |     5 |       |       |       |       ||     5
       Punch             |     1 |       |       |       |       ||     1
       Hand axe          |     3 |     2 |       |       |       ||     5
       Quarterstaff      |       |       |     3 |   186 |    58 ||   247
       Tailslap          |       |       |       |    36 |    15 ||    51
 Cast: Magic Dart        |    62 |    60 |   114 |    54 |     5 ||   295
       Searing Ray       |     5 |     7 |    47 |    70 |    27 ||   156
       Fulminant Prism   |       |       |     3 |    52 |    20 ||    75
       Iskenderun's Myst |       |       |       |   129 |   135 ||   264
 Abil: Breathe Steam     |       |       |     7 |    43 |    18 ||    68
Evoke: Wand              |       |       |    21 |     9 |     6 ||    36
  Use: Potion            |       |     3 |       |     2 |     5 ||    10
       Scroll            |       |       |       |    27 |     2 ||    29
 Stab: Distracted        |       |       |       |     1 |       ||     1
       Sleeping          |       |       |       |       |     1 ||     1
Armor: Skin              |     4 |     2 |    34 |    92 |    60 ||   192
Dodge: Dodged            |    15 |     9 |    47 |   295 |   181 ||   547
